 Dungeon Crawl Stone Soup version 0.30-a0-757-ga6a79fd877 (webtiles) character file.

Game seed: 11239558255400449102

2880 Hubris850 the Cleaver (level 10, -3/76 (78) HPs)
             Began as a Meteoran Cinder Acolyte on Feb 9, 2023.
             Was an Elder of Ignis.
             Slain by a wight
             ... wielding a +4 halberd
              (10 damage)
             ... on level 7 of the Dungeon.
             The game lasted 00:15:26 (2256 turns).

Hubris850 the Cleaver (Meteoran Cinder Acolyte)     Turns: 2256, Time: 00:15:27

HP:   -3/76 (78)    AC: 14    Str: 17    XL:     10   Next: 25%
MP:   22/22         EV: 11    Int: 19    God:    Ignis [****..]
Gold: 173           SH:  0    Dex: 10    Spells: 22/24 levels left

rFire   + . .      SeeInvis .    m - +3 hand axe (elec)
rCold   . . .      Faith    .    (no shield)
rNeg    . . .      Spirit   .    k - +0 ring mail
rPois   .          Reflect  .    g - +0 helmet
rElec   .          Harm     .    (no cloak)
rCorr   .          Rampage  .    q - +0 pair of gloves
Will    +....                    (no boots) Stlth
                                 (no amulet)
HPRegen 0.32/turn                (no ring)
MPRegen 0.18/turn                (no ring)

@: fiery-armoured, glowing, lightly drained
A: sense surroundings 2, otherworldly, glowing, explore regen
a: Renounce Religion, Fiery Armour, Foxfire Swarm


You were on level 7 of the Dungeon.
You worshipped Ignis.
Ignis was greatly pleased with you.
You visited 1 branch of the dungeon, and saw 7 of its levels.

You collected 221 gold pieces.
You spent 48 gold pieces at shops.

Inventory:

Hand Weapons
 a - a -1 hand axe of flaming
 e - a +1 hand axe of electrocution
 m - a +3 hand axe of electrocution (weapon)
Missiles
 n - 8 poisoned darts (quivered)
Armour
 b - a +0 robe
 g - a +0 helmet (worn)
 k - a +0 ring mail (worn)
 q - a +0 pair of gloves (worn)
Wands
 u - a wand of paralysis (6)
 w - a wand of iceblast (14)
Scrolls
 c - a scroll of fog
 f - a scroll of blinking {unknown}
 h - a scroll of amnesia {unknown}
 i - a scroll of enchant armour {unknown}
 j - 4 scrolls of teleportation
 r - a scroll of enchant weapon {unknown}
 t - a scroll of silence {unknown}
Potions
 d - 2 potions of invisibility
 o - a potion of heal wounds {unknown}
 p - 2 potions of cancellation
 s - a potion of mutation {unknown}
 v - a potion of brilliance {unknown}
 x - a potion of berserk rage {unknown}
 z - a potion of degeneration
 A - a potion of curing


   Skills:
 - Level 4.1 Fighting
 + Level 11.1 Axes
 - Level 3.0 Armour
 - Level 3.0 Dodging
 - Level 7.6 Spellcasting
 - Level 8.0 Fire Magic


You had 22 spell levels left.
You knew the following spells:

 Your Spells              Type           Power      Damage    Failure   Level
a - Scorch                Fire           74%        2d8       1%          2

Your spell library contained the following spells:

 Spells                   Type           Power      Damage    Failure   Level
 Summon Small Mammal      Summ           28%        N/A       17%         1
 Call Canine Familiar     Summ           7%         N/A       45%         3
 Summon Guardian Golem    Hex/Summ       7%         N/A       45%         3


Dungeon Overview and Level Annotations

Branches:
Dungeon (7/15) Zot: 1948   Temple (0/1) D:6

Altars:
Cheibriados
Okawaru
Qazlal
Trog
Wu Jian
Xom
Yredelemnul
Zin

Shops:
D:5 [   D:6 !


Innate Abilities, Weirdness & Mutations

You passively map the area around you.
You are easily found by Zot.
You glow in the dark.
You regain HP and MP as you explore.


Message History

The wight closely misses you.
The wight hits you with a +2 short sword of freezing.
The wight freezes you. The wight hits you with a +3 spear.
You feel drained.
Items here: )) [ ††.
The orc priest shouts!
You hit the wight.
The wight is lightly damaged.
You hit the wight but do no damage. You hit the wight.
The wight hits you with a +4 halberd.
You feel drained.
The wight hits you with a +2 short sword of freezing.
The wight freezes you. The wight closely misses you.
You hit the wight but do no damage. x2; Lightning courses through the wight!
You destroy the wight!
You hit the wight. The wight hits you with a +4 halberd!
You feel drained.
* * * LOW HITPOINT WARNING * * *
The wight hits you but does no damage.
Your Axes skill increases to level 11!
The wight attacks as you move away! The wight hits you with a +4 halberd.
* * * LOW HITPOINT WARNING * * *
A protective cloak of flame settles atop you.
The orc closely misses you.
Okay, then.
You closely miss the orc. You hit the orc.
The orc is severely wounded.
You hit the orc.
The orc is lightly wounded.
You slash the orc!
You kill the orc!
You slash the orc! Lightning courses through the orc!
You kill the orc!
You hit the wight but do no damage. The wight barely misses you.
You hit the wight. Lightning courses through the wight!
You destroy the wight!
The wight hits you but does no damage.
The orc priest calls down the wrath of Beogh upon you.
Beogh smites you!
* * * LOW HITPOINT WARNING * * *
The wight hits you from afar with a +4 halberd!
You die...

.##.#..#((#..
, , , #
...#(#(#(#[# ,
#. #.##(((##.#
*
#..#..#####..#
,
*#.#....o....#
, *
..#...o)..##*
*#z###z#### ,
* #...## * ,
##@## * * *
#.## *. *
#..#####..
#..#...... , *
#.....##..,
#...#....., *
, ##....#..,
#.#.## . *
##.#.# ,


You could see 2 wights, a +0 spear and an orc priest.

Vanquished Creatures
  Pikel (D:5)
  Grinder (D:5)
  Menkaure (D:5)
  Duvessa (D:5)
  3 ice beasts (D:5)
  4 ogres
  A centaur (D:6)
  A kobold brigand (D:6)
  2 necrophages
  A bullfrog (D:6)
  3 scorpions
  3 wights (D:7)
  Dowan (D:5)
  3 killer bees (D:7)
  A howler monkey (D:7)
  2 hounds
  A jelly (D:7)
  A gnoll bouda (D:6)
  8 iguanas
  Natasha (D:3)
  4 orc wizards
  3 gnolls (D:6)
  2 adders
  A white imp (D:5)
  An ufetubus (D:5)
  A dart slug (D:5)
  22 orcs
  A bat (D:2)
  5 endoplasms
  3 giant cockroaches
  2 goblins (D:3)
  4 hobgoblins
  2 jackals (D:4)
  5 kobolds
  3 quokkas
  2 ball pythons
  A frilled lizard (D:3)
  A rat (D:3)
103 creatures vanquished.

Vanquished Creatures (others)
  19 foxfires (D:6)
  8 plants
  A withered plant (D:5)
28 creatures vanquished.

Grand Total: 131 creatures vanquished

Notes
Turn   | Place    | Note
-------+----------+-------------------------------------------
     0 | D:1      | Hubris850 the Meteoran Cinder Acolyte began the quest for
                  | the Orb.
     0 | D:1      | Reached XP level 1. HP: 19/19 MP: 3/3
   208 | D:2      | Reached XP level 2. HP: 26/26 MP: 5/5
   346 | D:3      | Found a faded altar of an unknown god.
   390 | D:3      | Found a shimmering altar of Xom.
   400 | D:3      | Reached XP level 3. HP: 12/31 MP: 5/7
   401 | D:3      | Reached skill level 4 in Axes
   410 | D:3      | Learned a level 2 spell: Scorch
   431 | D:3      | Found a bloodstained altar of Trog.
   522 | D:3      | Noticed Natasha
   530 | D:3      | Killed Natasha
   531 | D:3      | Reached XP level 4. HP: 27/40 MP: 8/8
   559 | D:3      | Noticed a necrophage
   575 | D:3      | Killed a necrophage
   576 | D:3      | Reached XP level 5. HP: 16/46 MP: 8/10
   653 | D:4      | Noticed an ogre
   662 | D:4      | Killed an ogre
   663 | D:4      | Reached skill level 1 in Armour
   663 | D:4      | Reached skill level 1 in Dodging
   663 | D:4      | Reached XP level 6. HP: 21/52 MP: 11/11
   688 | D:4      | Reached skill level 5 in Axes
   704 | D:4      | Reached skill level 5 in Fire Magic
   749 | D:4      | Found a snail-covered altar of Cheibriados.
   749 | D:4      | Found a stormy altar of Qazlal.
   806 | D:4      | Reached XP level 7. HP: 40/59 MP: 13/13
   920 | D:5      | Entered Level 5 of the Dungeon
   920 | D:5      | Found Geovahor's Armour Emporium.
  1094 | D:5      | Noticed Pikel
  1112 | D:5      | Killed Pikel
  1113 | D:5      | Reached skill level 6 in Axes
  1113 | D:5      | Reached skill level 5 in Spellcasting
  1113 | D:5      | Reached XP level 8. HP: 6/66 MP: 13/17
  1134 | D:5      | Noticed Dowan
  1135 | D:5      | Noticed Duvessa
  1283 | D:5      | Killed Duvessa
  1285 | D:5      | Killed Dowan
  1340 | D:5      | Noticed Grinder
  1353 | D:5      | Reached skill level 7 in Axes
  1353 | D:5      | Gained mutation: You passively map the area around you.
                  | [Meteoran growth]
  1353 | D:5      | Reached XP level 9. HP: 71/71 MP: 12/19
  1363 | D:5      | Killed Grinder
  1416 | D:5      | Found a basalt altar of Yredelemnul.
  1474 | D:5      | Found an iron altar of Okawaru.
  1663 | D:5      | Found a glowing silver altar of Zin.
  1745 | D:6      | Reached skill level 8 in Axes
  1767 | D:6      | Found a staircase to the Ecumenical Temple.
  1806 | D:6      | Found Gahaq's Distillery.
  1821 | D:6      | HP: 1/71 [acid (7)]
  1844 | D:5      | Reached skill level 9 in Axes
  1852 | D:5      | Noticed Menkaure
  1858 | D:5      | Killed Menkaure
  2005 | D:6      | Reached XP level 10. HP: 76/78 MP: 19/22
  2036 | D:6      | Found an ornate altar of the Wu Jian Council.
  2081 | D:6      | Reached skill level 10 in Axes
  2107 | D:6      | Bought a potion of degeneration for 12 gold pieces
  2107 | D:6      | Bought a potion of curing for 36 gold pieces
  2226 | D:7      | Noticed a +0 falchion
  2227 | D:7      | Noticed a +0 short sword
  2227 | D:7      | Noticed a +0 dagger
  2228 | D:7      | Noticed a +0 spear
  2228 | D:7      | Noticed a +0 falchion
  2228 | D:7      | Noticed a +0 spear
  2229 | D:7      | Noticed a +0 short sword
  2229 | D:7      | Noticed a +0 dagger
  2246 | D:7      | Reached skill level 11 in Axes
  2256 | D:7      | Slain by a wight

Illustrated notes

Levels and vault maps discovered:
D:1:      amcnicky_arrival_gap_in_the_tavern_cellar, layout_basic
D:2:      layout_loops_corners
D:3:      layout_rooms, mainiacjoe_overflow_tiny_flanked,
          mainiacjoe_overflow_paths, dilly_ecumenical_altar_fadedgnrine,
          uniq_natasha
D:4:      kennysheep_big_flooded_room, layout_rooms,
          mainiacjoe_overflow_large_starburst
D:5:      layout_basic, yredelemnul_altar_generic, okawaru_ov_weapons_minmay,
          nicolae_overflow_hidden_temple, nicolae_stop_n_shop_1, st_stairs_14,
          chequers_serial_rivers_small_3, serial_bayou_pond_a, uniq_duvessa,
          uniq_grinder, uniq_pikel, uniq_menkaure
D:6:      layout_rooms, mainiacjoe_overflow_brackets,
          minmay_temple_entry_statues_fountains, serial_shops, shop
D:7:      layout_loops_ring, nicolae_uskayaw_en_pointe,
          mainiacjoe_overflow_alcove_1, serial_shops, nicolae_shop_waterfront,
          dilly_guarded_unrand_devastator

Skill      XL: |  1  2  3  4  5  6  7  8  9 10 |
---------------+-------------------------------+-----
Spellcasting   | 2 3 5 6 7 |  7.6
Axes           | 4 5 6 7 9 11 | 11.1
Fire Magic     | 4 5 6 8 |  8.0
Fighting       | 4 |  4.1
Armour         | 1 2 3 |  3.0
Dodging        | 1 2 3 |  3.0

Action                     |  1- 3 |  4- 6 |  7- 9 | 10-12 || total
---------------------------+-------+-------+-------+-------++-------
  Melee: Hand axe          |    46 |    39 |   168 |    60 ||   313
         Punch             |       |       |       |     1 ||     1
  Throw: Dart              |       |     3 |     1 |       ||     4
   Cast: Scorch            |       |     3 |    18 |     2 ||    23
 Invoke: Fiery Armour      |       |       |     1 |     1 ||     2
         Rising Flame      |       |       |     1 |       ||     1
         Foxfire Swarm     |       |       |       |     1 ||     1
    Use: Scroll            |       |       |       |     4 ||     4
 Armour: Robe              |     7 |       |       |       ||     7
         Ring mail         |       |    13 |    63 |    22 ||    98
  Dodge: Dodged            |    22 |    13 |    79 |    22 ||   136

Table legend: (Time is in decaauts)
 A = Elapsed time spent in this place.
 B = Non-inter-level travel time spent in this place.
 C = Inter-level travel time spent in this place.
 D = Time resting spent in this place.
 E = Time spent auto-exploring this place.
 F = Levels seen in this place.
 G = Mean time per level.
                   A        B        C        D        E       F      G
               +--------+--------+--------+--------+--------+-----+--------+
         Total |   2250 |   2096 |    154 |    199 |    210 |   7 |  321.4 |
       Dungeon |   2250 |   2096 |    154 |    199 |    210 |   7 |  321.4 |
               +--------+--------+--------+--------+--------+-----+--------+

Top non-repeatable levels by time:
     D:5: 878 daAuts
     D:3: 378 daAuts
     D:4: 371 daAuts
     D:6: 263 daAuts
     D:2: 197 daAuts
     D:1: 81 daAuts
     D:7: 79 daAuts
